 Dungeon Crawl Stone Soup version 0.28.0-45-g0d030f2227 (webtiles) character file.

Game seed: 8305873568264352787

75 Iusername the Skirmisher (level 4, -2/41 HPs)
             Began as a Minotaur Fighter on Apr 5, 2022.
             Slain by a gnoll
             ... wielding a +0 flail
              (11 damage)
             ... on level 3 of the Dungeon.
             The game lasted 00:04:31 (2128 turns).

Iusername the Skirmisher (Minotaur Fighter)         Turns: 2128, Time: 00:04:32

Health: -2/41      AC: 15    Str: 29    XL:     4   Next: 11%
Magic:  3/3        EV:  7    Int:  5    God:
Gold:   70         SH:  4    Dex:  9    Spells: 3/3 levels left

rFire   . . .      SeeInvis .   a - +0 trident
rCold   . . .      Faith    .   c - +0 buckler
rNeg    . . .      Spirit   .   e - +0 plate armour
rPois   .          Reflect  .   (helmet restricted)
rElec   .          Harm     .   (no cloak)
rCorr   .          Rampage  .   (no gloves)
Will    .....                   (no boots)
Stlth   ..........              u - amulet of regeneration
HPRegen 0.93/turn               f - +6 ring of strength
MPRegen 0.08/turn               o - +4 ring of protection

@: mighty
A: horns 2, retaliatory headbutt
a: no special abilities


You were on level 3 of the Dungeon.
You visited 1 branch of the dungeon, and saw 3 of its levels.

You collected 70 gold pieces.

Inventory:

Hand Weapons
 a - a +0 trident (weapon)
Armour
 b - a +0 scale mail
 c - a +0 buckler (worn)
 e - a +0 plate armour (worn)
Jewellery
 f - a +6 ring of strength (left hand)
 o - a +4 ring of protection (right hand)
 u - an amulet of regeneration (around neck)
Scrolls
 h - a scroll of immolation {unknown}
 i - a scroll of enchant armour {unknown}
 k - a scroll of blinking {unknown}
 n - a scroll of teleportation {unknown}
 p - 2 scrolls of identify {unknown}
 q - a scroll of noise {unknown}
 r - a scroll of torment {unknown}
Potions
 d - 2 potions of might
 j - a potion of magic {unknown}
 l - a potion of brilliance {unknown}
 m - 2 potions of curing {unknown}
 s - a potion of degeneration {unknown}
 t - a potion of heal wounds {unknown}


   Skills:
 + Level 4.5 Fighting
 + Level 3.4 Polearms
 + Level 4.0 Armour
 + Level 0.3 Dodging
 + Level 0.1 Stealth
 + Level 4.2 Shields


You had 3 spell levels left.
You didn't know any spells.
Your spell library was empty.

Dungeon Overview and Level Annotations

Branches:
Dungeon (3/15)

Altars:
Kikubaaqudgha


Innate Abilities, Weirdness & Mutations

You have a pair of horns on your head.
You reflexively headbutt those who attack you in melee.


Message History

Found 5 gold pieces and a weird glowing staff.
The gnoll hits you with a +0 flail. The gnoll hits you with a +0 flail!
The gnoll hits you but does no damage. The gnoll closely misses you.
You barely miss the gnoll. You block the gnoll's attack.
The gnoll hits you with a +0 flail. You block the gnoll's attack.
The gnoll hits you but does no damage.
You puncture the gnoll!
The gnoll is severely wounded.
The gnoll hits you but does no damage. The gnoll completely misses you.
The gnoll hits you but does no damage. x2
You barely miss the gnoll.
The gnoll is severely wounded.
The gnoll hits you with a +0 flail. x2; You block the gnoll's attack.
The gnoll barely misses you. You furiously retaliate!
You headbutt the gnoll!
You kill the gnoll!
You have reached level 4!
You feel stronger.
You barely miss the gnoll.
The gnoll is severely wounded.
The gnoll barely misses you. You furiously retaliate!
You headbutt the gnoll!
The gnoll hits you but does no damage. x2
You hit the gnoll but do no damage.
The gnoll is severely wounded.
The gnoll hits you with a +0 flail! The gnoll barely misses you.
A kobold comes into view. It is wielding a +0 short sword.
The gnoll hits you but does no damage.
You closely miss the gnoll.
The gnoll is severely wounded.
The kobold shouts!
The gnoll hits you with a +0 flail. x2; The gnoll closely misses you.
The gnoll hits you with a +0 flail.
* * * LOW HITPOINT WARNING * * *
The gnoll hits you with a +0 flail.
* * * LOW HITPOINT WARNING * * *
The gnoll completely misses you. You furiously retaliate!
You headbutt the gnoll.
You feel very mighty all of a sudden. The gnoll hits you with a +0 flail!
You die...

##########
.........#
.........#
.........######
......gg......#
......)@g####.#
.........<....#
$.........##..#
..........# #
...K......#
...####+#.# |..
#.# ## #.# #.#


You could see 3 gnolls and a kobold.

Vanquished Creatures
  A gnoll (D:3)
  3 adders (D:2)
  2 dart slugs
  3 bats
  2 endoplasms
  2 giant cockroaches
  5 goblins
  3 hobgoblins
  2 kobolds
  A quokka (D:1)
  6 ball pythons
  A frilled lizard (D:1)
  2 rats (D:1)
33 creatures vanquished.

Vanquished Creatures (others)
  19 plants (D:2)
19 creatures vanquished.

Grand Total: 52 creatures vanquished

Notes
Turn   | Place    | Note
-------+----------+-------------------------------------------
     0 | D:1      | Iusername the Minotaur Fighter began the quest for the Orb.
     0 | D:1      | Reached XP level 1. HP: 19/19 MP: 0/0
   290 | D:1      | Reached XP level 2. HP: 15/27 MP: 1/1
  1565 | D:2      | Reached XP level 3. HP: 30/33 MP: 2/2
  1656 | D:2      | Found an ancient bone altar of Kikubaaqudgha.
  2125 | D:3      | Reached XP level 4. HP: 26/41 MP: 3/3
  2128 | D:3      | Slain by a gnoll

Illustrated notes

Levels and vault maps discovered:
D:1:      minmay_arrival_split_and_join, layout_loops_ring, supply_closet_lemuel
D:2:      layout_loops_ring, basic_altar, serial_bayou_lagoon_a, dk_vineyard_2
D:3:      layout_basic, ebering_ecumenical_altar_webs

Skill      XL: |  1  2  3 |
---------------+----------+-----
Shields        | 4 |  4.2
Fighting       | 4 |  4.5
Polearms       | 3 |  3.4
Armour         | 4 |  4.0
Dodging        | |  0.3
Stealth        | |  0.1

Action                   |  1- 3 |  4- 6 || total
-------------------------+-------+-------++-------
Melee: Trident           |    76 |     3 ||    79
       Headbutt          |     4 |       ||     4
  Use: Scroll            |     1 |       ||     1
       Potion            |       |     1 ||     1
Armor: Scale mail        |     4 |       ||     4
       Plate armour      |    57 |     3 ||    60
Dodge: Dodged            |    29 |     4 ||    33
Block: Buckler           |    23 |       ||    23
